 Dungeon Crawl Stone Soup version 0.25-a0-578-gc91f01c (webtiles) character file.

Game seed: 15306659457466946755, levelgen mode: deterministic

6402 Faca the Slinger (level 11, 0/78 HPs)
             Began as a Halfling Hunter on Mar 7, 2020.
             Was a Priest of Okawaru.
             Slain by an unseen horror (3 damage)
             ... on level 10 of the Dungeon on Mar 8, 2020.
             The game lasted 00:40:24 (15131 turns).

Faca the Slinger (Halfling Hunter)                 Turns: 15131, Time: 00:40:24

Health: 0/78       AC: 10    Str: 16    XL:     11   Next: 18%
Magic:  11/11      EV: 18    Int:  9    God:    Okawaru [***...]
Gold:   428        SH:  0    Dex: 21    Spells: 10/10 levels left

rFire    . . .     SeeInvis .   B - +0 rapier
rCold    + . .     Gourm    .   (shield restricted)
rNeg     . . .     Faith    .   M - +0 steam dragon scales
rPois    .         Spirit   .   x - +1 helmet
rElec    .         Reflect  .   (no cloak)
rCorr    .         Harm     .   G - +0 pair of gloves
MR       .....                  i - +0 pair of boots
Stlth    ++........             (no amulet)
HPRegen  0.23/turn              l - ring of protection from cold
MPRegen  0.12/turn              J - +5 ring of dexterity

@: no status effects
A: small, mutation resistance 1
a: Heroism, Renounce Religion


You were on level 10 of the Dungeon.
You worshipped Okawaru.
Okawaru was most pleased with you.
You were very hungry.

You visited 2 branches of the dungeon, and saw 11 of its levels.
You also visited: Ossuary.

You collected 428 gold pieces.

Inventory:

Hand Weapons
 B - a +0 rapier (weapon)
 K - a +2 hunting sling
Missiles
 d - 77 sling bullets
 e - 329 stones
 g - 14 boomerangs
 q - 95 poisoned darts (quivered)
Armour
 i - a +0 pair of boots (worn)
 x - a +1 helmet (worn)
 G - a +0 pair of gloves (worn)
 M - +0 steam dragon scales (worn)
Jewellery
 a - an uncursed ring of flight
 l - a ring of protection from cold (left hand)
 H - an uncursed amulet of the gourmand {unknown}
 J - a +5 ring of dexterity (right hand)
Wands
 p - a wand of random effects (17)
 t - a wand of paralysis (8)
 w - a wand of digging (9)
 C - a wand of acid (19)
 L - a wand of flame (17)
Scrolls
 b - 2 scrolls of enchant weapon
 k - a scroll of vulnerability {unknown}
 o - a scroll of magic mapping
 r - 3 scrolls of teleportation
 s - 4 scrolls of remove curse
 y - 4 scrolls of enchant armour
 F - 4 scrolls of blinking
 I - 2 scrolls of fear
Potions
 c - 3 potions of invisibility
 h - 4 potions of brilliance
 j - 2 potions of mutation
 m - a potion of stabbing
 n - 7 potions of curing
 u - 3 potions of resistance
 z - 4 potions of might
 A - 4 potions of flight
 D - a potion of lignification
 E - a potion of haste
Comestibles
 f - 10 rations


   Skills:
 + Level 8.7 Fighting
 + Level 10.8 Short Blades
 - Level 13.0 Slings
 + Level 3.3 Armour
 + Level 4.2 Dodging
 - Level 1.1 Stealth


You had 10 spell levels left.
You didn't know any spells.
Your spell library contained the following spells:

 Spells                   Type           Power        Failure   Level  Hunger
 Magic Dart               Conj           #...         38%         1    ##.....
 Blink                    Tloc           N/A          52%         2    ###....
 Call Imp                 Summ           #.......     52%         2    ###....
 Slow                     Hex            #.......     52%         2    ###....
 Confusing Touch          Hex            #.......     77%         3    ####...
 Conjure Flame            Conj/Fire      #.......     77%         3    ####...
 Gell's Gravitas          Tloc           #.........   77%         3    ####...
 Mephitic Cloud           Conj/Pois/Air  #.......     77%         3    ####...
 Petrify                  Tmut/Erth      #.......     99%         4    #####..
 Metabolic Englaciation   Hex/Ice        #.........   100%        5    ######.
 Yara's Violent Unravell  Hex/Tmut       #.........   100%        5    ######.


Dungeon Overview and Level Annotations

Branches:
Dungeon (10/15)            Temple (1/1) D:6            Lair (0/6) D:9
Ossuary (visited)
    Orc: D:9-12

Altars:
Ashenzari
Cheibriados
Dithmenos
Hepliaklqana
Makhleb
Okawaru
Qazlal
Trog
Vehumet
Wu Jian
Yredelemnul

Shops:
D:5 (

Annotations:
D:8 2 transporters, Pooter's ghost, novice MiBe


Innate Abilities, Weirdness & Mutations

You are small and have problems with some larger weapons.
You are somewhat resistant to further mutation.


Message History

Something hits you but does no damage. Something hits you.
* * * LOW HITPOINT WARNING * * *
Something hits you but does no damage. Something hits you.
* * * LOW HITPOINT WARNING * * *
You miss something. Something hits you.
* * * LOW HITPOINT WARNING * * *
Something hits you but does no damage. Something hits you but does no damage.
You puncture something! Something hits you.
* * * LOW HITPOINT WARNING * * *
Something barely misses you.
You barely miss something. Something hits you but does no damage.
Something hits you.
* * * LOW HITPOINT WARNING * * *
Something hits you!
* * * LOW HITPOINT WARNING * * *
Something hits you.
You die...

.#>..............# ..≈#≈
##...##.........##### ..≈≈≈
####+#######....##..##.≈≈≈#≈≈≈≈#≈
.....##...##....##.....≈#≈≈≈≈#≈≈
...........#.....#..#..≈≈≈≈#≈≈≈ .
...........'.....'..#.≈≈≈#≈≈≈≈#≈.
..........##....##....≈#≈≈≈≈#≈≈≈.
##...##...##....##....≈≈≈≈#≈≈≈≈..
##...#######....@...#....≈≈≈≈#≈.#
.................#..##......≈≈≈.#
..........##.....#####...#......#
..............(+## #....#.....##
##.###########...# ###+##.....#
##.#........##...# #####+#
...#(..))...##..##
...#..#####'##..# ...#..# #.##..#


There were no monsters in sight!

Vanquished Creatures
  A two-headed ogre (D:8)
  Maurice (D:9)
  2 kobold demonologists (D:8)
  2 trolls (D:9)
  A hippogriff (D:10)
  A wraith (D:10)
  A steam dragon (D:10)
  Menkaure (D:4)
  A water moccasin (D:7)
  An orc warrior (D:6)
  2 ice beasts
  A hornet zombie (D:8)
  A phantom (D:8)
  4 ogres
  2 crocodiles
  3 centaurs
  5 big kobolds
  2 bullfrogs
  A wyvern skeleton (D:7)
  8 scorpions
  A killer bee (D:8)
  2 bullfrog zombies
  4 centaur zombies
  2 crimson imps
  4 hounds
  2 jellies
  3 bullfrog skeletons
  A human zombie (Ossuary)
  2 centaur skeletons
  2 orc priests
  3 iguanas
  10 orc wizards
  8 worker ants
  A hound zombie (D:6)
  A hound skeleton (D:4)
  3 mummies (Ossuary)
  A worker ant zombie (D:5)
  A howler monkey zombie (D:5)
  Robin (D:2)
  4 gnolls
  A howler monkey skeleton (D:4)
  8 adders
  5 scorpion zombies (Ossuary)
  A shadow imp (D:8)
  An ooze (D:1)
  An adder skeleton (D:8)
  2 worms (D:2)
  3 leopard geckos
  28 orcs
  5 bats
  9 giant cockroaches
  13 goblins
  5 hobgoblins
  7 jackals
  15 kobolds
  7 quokkas
  A ball python (D:4)
  A frilled lizard (D:3)
  3 gnoll zombies
  3 goblin zombies (Ossuary)
  3 hobgoblin zombies (Ossuary)
  3 kobold zombies (Ossuary)
  An orc zombie (Ossuary)
  A quokka skeleton (D:5)
  5 rats
229 creatures vanquished.

Vanquished Creatures (others)
  A scorpion (Ossuary)
1 creature vanquished.

Grand Total: 230 creatures vanquished

Notes
Turn   | Place    | Note
-------+----------+-------------------------------------------
     0 | D:1      | Faca the Halfling Hunter began the quest for the Orb.
     0 | D:1      | Reached XP level 1. HP: 14/14 MP: 1/1
     4 | D:1      | Noticed an octopode
     6 | D:1      | Noticed a centaur
     6 | D:1      | Noticed a halfling
     8 | D:1      | Noticed a ghoul
    10 | D:1      | Noticed a spriggan
    10 | D:1      | Noticed a vampire
    12 | D:1      | Noticed a felid
    12 | D:1      | Noticed a troll
    14 | D:1      | Noticed a dwarf
    14 | D:1      | Noticed a human
    16 | D:1      | Noticed a merfolk
    18 | D:1      | Noticed a demigod
    18 | D:1      | Noticed a formicid
    21 | D:1      | Noticed a draconian
    21 | D:1      | Noticed a naga
    23 | D:1      | Noticed a vine stalker
    23 | D:1      | Noticed an elf
    25 | D:1      | Noticed a gargoyle
    27 | D:1      | Noticed a tengu
    27 | D:1      | Noticed a demonspawn
    29 | D:1      | Noticed a minotaur
    29 | D:1      | Noticed an ogre
   203 | D:1      | Reached skill level 1 in Short Blades
   203 | D:1      | Reached skill level 6 in Slings
   203 | D:1      | Reached XP level 2. HP: 19/19 MP: 2/2
   361 | D:1      | Reached XP level 3. HP: 23/24 MP: 3/3
   723 | D:2      | Found a shadowy altar of Dithmenos.
   999 | D:2      | Reached XP level 4. HP: 30/30 MP: 4/4
  1039 | D:2      | Reached XP level 5. HP: 18/36 MP: 5/5
  1238 | D:2      | Reached skill level 7 in Slings
  1407 | D:2      | Found a faded altar of an unknown god.
  1956 | D:2      | Found a bloodstained altar of Trog.
  2149 | D:2      | Noticed Robin
  2170 | D:2      | Killed Robin
  2170 | D:2      | Reached XP level 6. HP: 12/42 MP: 6/6
  2397 | D:2      | Found a basalt altar of Yredelemnul.
  3424 | D:3      | You fall into a shaft and drop 2 floors!
  3424 | D:5      | Entered Level 5 of the Dungeon
  3711 | D:5      | Found Giloroem's Weapon Shoppe.
  3737 | D:5      | Noticed an ice beast
  3753 | D:5      | Killed an ice beast
  3753 | D:5      | Reached skill level 8 in Slings
  3753 | D:5      | Reached XP level 7. HP: 33/47 MP: 7/7
  4058 | D:4      | Noticed Menkaure
  4065 | D:4      | Killed Menkaure
  4065 | D:4      | Reached skill level 5 in Short Blades
  4333 | D:4      | Found a sand-covered staircase.
  4340 | Ossuary  | Entered an ossuary
  4479 | Ossuary  | Reached XP level 8. HP: 53/54 MP: 8/8
  4763 | Ossuary  | Reached skill level 9 in Slings
  5229 | Ossuary  | Reached skill level 5 in Fighting
  7323 | D:5      | Reached skill level 10 in Slings
  7353 | D:5      | Found a hazy altar of Hepliaklqana.
  7594 | D:5      | Found an ornate altar of the Wu Jian Council.
  8262 | D:6      | Found a shattered altar of Ashenzari.
  8304 | D:6      | Reached XP level 9. HP: 36/62 MP: 9/9
  8639 | D:6      | Found a stormy altar of Qazlal.
  8663 | D:6      | Found a staircase to the Ecumenical Temple.
  8738 | Temple   | Entered the Ecumenical Temple
  8768 | Temple   | Became a worshipper of Warmaster Okawaru
  9050 | D:6      | Found a radiant altar of Vehumet.
  9656 | D:7      | Reached skill level 11 in Slings
  9678 | D:7      | Found a burning altar of Makhleb.
  9678 | D:7      | Noticed a blizzard demon
 10528 | D:7      | Found a snail-covered altar of Cheibriados.
 10798 | D:8      | Reached * piety under Okawaru
 10823 | D:8      | Noticed a kobold demonologist
 11643 | D:8      | Found a transporter.
 11643 | D:8      | Noticed Pooter's ghost (novice MiBe)
 11799 | D:8      | Noticed a two-headed ogre
 11837 | D:8      | Killed a two-headed ogre
 11837 | D:8      | Reached ** piety under Okawaru
 11837 | D:8      | Reached skill level 12 in Slings
 11837 | D:8      | Reached XP level 10. HP: 28/71 MP: 10/10
 12073 | D:8      | Noticed a kobold demonologist
 12093 | D:8      | Noticed a rust devil
 12100 | D:8      | Noticed an ice devil
 12125 | D:8      | Killed a kobold demonologist
 12146 | D:8      | Killed a kobold demonologist
 12189 | D:8      | Reached skill level 10 in Short Blades
 12504 | D:8      | Found a transporter.
 12556 | D:8      | Reached skill level 13 in Slings
 13085 | D:9      | Reached *** piety under Okawaru
 13085 | D:9      | Reached skill level 1 in Armour
 13438 | D:9      | Noticed Maurice
 13463 | D:9      | Killed Maurice
 13524 | D:9      | Reached XP level 11. HP: 44/78 MP: 8/11
 13909 | D:9      | Found a staircase to the Lair.
 14112 | D:10     | Entered Level 10 of the Dungeon
 15131 | D:10     | HP: 3/78 [something (8)]
 15131 | D:10     | Slain by an unseen horror

Levels and vault maps discovered:
D:1:      kb_arrival_jail, layout_rooms, grunt_decor_one_mirror
D:2:      layout_loops_ring, nicolae_dithmenos_through_a_glass_darkly,
          lemuel_zombie_altar_yredelemnul, marbit_many_paths,
          chequers_ecumenical_altar_lobes, kennysheep_potato, uniq_robin
D:3:      layout_loops_cross
D:4:      layout_basic, first_ration, chequers_ossuary_entry_cave, uniq_menkaure
D:5:      layout_basic, old_standard_altar, lemuel_crystal_altar, serial_shops,
          nicolae_shop_statue_plus, serial_co_window_serial, co_window_corner_a,
          co_window_paths_a, co_window_corner_a, co_window_of_opportunity_a,
          co_window_corner_a, co_window_unsneaky_path_d,
          co_window_of_opportunity_c, co_window_paths_c, co_window_broadway_a,
          co_window_2corner, co_window_unsneaky_path_a, co_window_4corner_a,
          glass_columns_c, glass_columns_a, glass_columns_a, serial_bayou_pond_c
D:6:      layout_loops_ring, lemuel_crystal_altar, old_standard_altar,
          fiery_altar_vehumet, temple_pool_b
D:7:      layout_loops_ring, lemuel_round_altar, makhleb_altar_promises_db
D:8:      layout_loops_ring, gammafunk_ghost_mausoleum, david_nohive_1
D:9:      layout_loops_ring, lair_entry_dummy, uniq_maurice
D:10:     layout_gridville, nicolae_lava_and_water, billiards_dpeg
Temple:   minmay_temple_forest_path

Skill      XL: |  1  2  3  4  5  6  7  8  9 10 11 |
---------------+----------------------------------+-----
Fighting       | 2 3 4 5 7 8 |  8.7
Short Blades   | 1 2 3 4 5 7 9 10 | 10.8
Slings         | 6 7 8 10 12 13 | 13.0
Armour         | 2 3 |  3.3
Dodging        | 3 4 |  4.2
Stealth        | |  1.1

Action                   |  1- 3 |  4- 6 |  7- 9 | 10-12 || total
-------------------------+-------+-------+-------+-------++-------
Melee: Short sword       |    76 |   200 |       |       ||   276
       Dagger            |       |    57 |   656 |   114 ||   827
       Rapier            |       |       |       |   230 ||   230
       Punch             |       |       |       |     1 ||     1
 Fire: Hunting sling     |     4 |    36 |   148 |    87 ||   275
Throw: Dart              |     1 |     9 |       |     4 ||    14
Invok: Heroism           |       |       |     1 |     3 ||     4
Evoke: Wand              |       |       |     4 |       ||     4
  Use: Scroll            |     1 |     8 |    14 |     1 ||    24
       Potion            |       |       |       |     2 ||     2
 Stab: Sleeping          |       |       |     2 |     3 ||     5
       Paralysed         |       |       |     3 |       ||     3
  Eat: Chunk             |       |     8 |    10 |     9 ||    27
       Ration            |       |       |     5 |       ||     5
Armor: Ring mail         |    21 |    73 |   174 |    68 ||   336
       Steam dragon scal |       |       |       |    24 ||    24
Dodge: Dodged            |    63 |   162 |   307 |   186 ||   718

Table legend:
 A = Non-vault XP
 B = Vault XP
 C = Vault XP percentage of total XP
 D = Non-vault monster count
 E = Vault monster count
 F = Vault count percentage of total count
                 A         B        C        D         E       F
            +---------+---------+-------+---------+---------+-------
      Total |    7588 |    1559 |  17.0 |     177 |      50 |  22.0
            +---------+---------+-------+---------+---------+-------
        D:1 |      46 |       0 |   0.0 |      14 |       0 |   0.0
        D:2 |     182 |      52 |  22.2 |      19 |      17 |  47.2
        D:3 |     118 |       0 |   0.0 |      27 |       0 |   0.0
        D:4 |     284 |     172 |  37.7 |      12 |       1 |   7.7
        D:5 |     342 |       0 |   0.0 |      11 |       0 |   0.0
        D:6 |     662 |       0 |   0.0 |      17 |       0 |   0.0
        D:7 |     722 |       0 |   0.0 |      17 |       0 |   0.0
        D:8 |    2940 |      66 |   2.2 |      26 |       1 |   3.7
        D:9 |    1339 |     462 |  25.7 |      22 |       1 |   4.3
       D:10 |     953 |      97 |   9.2 |      12 |       3 |  20.0
    Ossuary |       0 |     710 | 100.0 |       0 |      27 | 100.0
            +---------+---------+-------+---------+---------+-------
